 Dungeon Crawl Stone Soup version 0.26-a0-84-g8c18429211 (webtiles) character file.

Game seed: 2163285445186405270

42 MagicMinotaur the Grave Robber (level 3, -1/29 HPs)
             Began as a Minotaur Necromancer on June 20, 2020.
             Slain by a kobold
             ... wielding a +0 mace
              (8 damage)
             ... on level 1 of the Dungeon.
             The game lasted 00:09:10 (1128 turns).

MagicMinotaur the Grave Robber (MiNe)               Turns: 1128, Time: 00:09:10

Health: -1/29      AC:  2    Str: 12    XL:     3   Next: 35%
Magic:  4/4        EV: 12    Int: 13    God:
Gold:   30         SH:  0    Dex: 10    Spells: 3/5 levels left

rFire    . . .     SeeInvis .   (no weapon)
rCold    . . .     Gourm    .   (no shield)
rNeg     . . .     Faith    .   a - +0 robe
rPois    .         Spirit   .   (helmet restricted)
rElec    .         Reflect  .   (no cloak)
rCorr    .         Harm     .   (no gloves)
MR       .....                  (no boots)
Stlth    ++........             (no amulet)
HPRegen  0.09/turn              (no ring)
MPRegen  0.09/turn              (no ring)

@: no status effects
A: retaliatory headbutt, horns 2
a: no special abilities


You were on level 1 of the Dungeon.
You were not hungry.

You visited 1 branch of the dungeon, and saw 1 of its levels.

You collected 30 gold pieces.

Inventory:

Armour
 a - a +0 robe (worn)
Scrolls
 b - a scroll of blinking {unknown}
Potions
 d - a potion of brilliance {unknown}
Comestibles
 c - 3 rations
 f - a chunk of flesh


   Skills:
 + Level 1.9 Fighting
 + Level 2.7 Dodging
 - Level 1.5 Stealth
 + Level 1.7 Spellcasting
 + Level 3.2 Necromancy


You had 3 spell levels left.
You knew the following spells:

 Your Spells              Type           Power        Failure   Level  Hunger
a - Pain                  Necr           #...         7%          1    ##.....
b - Animate Skeleton      Necr           N/A          7%          1    ##.....

Your spell library contained the following spells:

 Spells                   Type           Power        Failure   Level  Hunger
 Vampiric Draining        Necr           #.........   22%         3    ####...
 Animate Dead             Necr           N/A          56%         4    #####..
 Agony                    Necr           #.......     89%         5    ######.


Dungeon Overview and Level Annotations

Branches:
Dungeon (1/15)

Altars:


Innate Abilities, Weirdness & Mutations

You reflexively headbutt those who attack you in melee.
You have a pair of horns on your head.


Message History

The hobgoblin is moderately wounded.
The hobgoblin hits you but does no damage.
You hit the hobgoblin. You headbutt the hobgoblin.
You kill the hobgoblin!
You barely miss the frilled lizard.
The frilled lizard completely misses you.
You barely miss the frilled lizard. The frilled lizard closely misses you.
You hit the frilled lizard but do no damage.
The frilled lizard closely misses you. You furiously retaliate!
You headbutt the frilled lizard.
You kill the frilled lizard!
The kobold throws a stone.
The stone hits you.
* * * LOW HITPOINT WARNING * * *
The kobold closely misses you.
Things that are here:
a +0 dagger; a hobgoblin corpse You hit the kobold but do no damage.
The kobold is heavily wounded.
The kobold hits you with a +0 mace!
You die...

.......# #............
.......#
###.....>......
...รท...#
#..............
.......# #............
.......# #....(.......
.......# #..(.........
.......# #.((.........
.......# ##.K..#######
..#...## ##@###
..#....# #.(#
..#..#.########.>#####
[....#................#
..................###.#
..................#
................##.#
.............)..# #..
..............##.# ...


You could see a kobold.

Vanquished Creatures
  4 dart slugs (D:1)
  2 giant cockroaches (D:1)
  3 hobgoblins (D:1)
  4 kobolds (D:1)
  6 bats (D:1)
  4 frilled lizards (D:1)
  7 goblins (D:1)
  7 rats (D:1)
37 creatures vanquished.

Notes
Turn   | Place    | Note
-------+----------+-------------------------------------------
     0 | D:1      | MagicMinotaur the Minotaur Necromancer began the quest for
                  | the Orb.
     0 | D:1      | Reached XP level 1. HP: 14/14 MP: 1/1
    18 | D:1      | Learned a level 1 spell: Animate Skeleton
    27 | D:1      | Reached skill level 3 in Necromancy
    41 | D:1      | Reached skill level 1 in Fighting
    41 | D:1      | Reached XP level 2. HP: 11/23 MP: 0/3
   149 | D:1      | HP: 1/23 [rat (1)]
   851 | D:1      | Reached XP level 3. HP: 28/28 MP: 4/4
  1128 | D:1      | Slain by a kobold

Illustrated notes

Levels and vault maps discovered:
D:1:      dpeg_arrival_rhombus, layout_rooms, minmay_vboxes

Skill      XL: |  1 |
---------------+----+-----
Necromancy     | 3 |  3.2
Fighting       | 1 |  1.9
Dodging        | |  2.7
Stealth        | |  1.5
Spellcasting   | |  1.7

Action                   || total
-------------------------++-------
Melee: Unarmed           ||   113
       Headbutt          ||    17
 Cast: Pain              ||     4
  Eat: Chunk             ||     1
Armor: Robe              ||    17
Dodge: Dodged            ||   108

Table legend:
 A = Non-vault XP
 B = Vault XP
 C = Vault XP percentage of total XP
 D = Non-vault monster count
 E = Vault monster count
 F = Vault count percentage of total count
                 A         B        C        D         E       F
            +---------+---------+-------+---------+---------+-------
      Total |      51 |      10 |  16.4 |      32 |       5 |  13.5
            +---------+---------+-------+---------+---------+-------
        D:1 |      51 |      10 |  16.4 |      32 |       5 |  13.5
            +---------+---------+-------+---------+---------+-------
